 Dungeon Crawl Stone Soup version 0.23.2-30-g0e89c35649 (webtiles) character file.

Game seed: 12006197020828923123

55577 Matador8 the Covert (level 14, -12/105 HPs)
             Began as a Vampire Enchanter on June 24, 2019.
             Was a Follower of Uskayaw.
             Mangled by a deep troll (18 damage)
             ... on level 1 of the Orcish Mines on June 25, 2019.
             The game lasted 04:22:20 (37688 turns).

Matador8 the Covert (Vampire Enchanter)            Turns: 37688, Time: 04:22:21

Health: -12/105    AC:  9    Str:  9    XL:     14   Next: 38%
Magic:  13/24      EV: 18    Int: 24    God:    Uskayaw [*.....]
Gold:   1428       SH:  0    Dex: 14    Spells: 9/27 levels left

rFire    . . .     SeeInvis +   a - +1 dagger (venom)
rCold    + + +     Gourm    .   (no shield)
rNeg     + + .     Faith    .   k - +1 leather armour {rC+}
rPois    +         Spirit   .   P - +1 hat {Int+3}
rElec    .         Reflect  .   (no cloak)
rCorr    .         Harm     .   h - +0 pair of gloves
MR       +....                  G - +2 pair of boots
Stlth    ++++++....             (no amulet)
HPRegen  0.13/turn              j - ring of poison resistance
MPRegen  0.19/turn              E - ring of protection from cold

@: regenerating slowly
A: fangs 3, see invisible, unbreathing
a: Bat Form, Stomp, Renounce Religion


You were on level 1 of the Orcish Mines.
You worshipped Uskayaw.
Uskayaw was aware of your devotion.
You were thirsty.

You visited 3 branches of the dungeon, and saw 20 of its levels.

You collected 1898 gold pieces.
You spent 470 gold pieces at shops.

Inventory:

Hand Weapons
 a - a +1 dagger of venom (weapon)
 b - a +1 long sword of slicing
 d - a +0 rapier
 m - a +4 dagger
Missiles
 Y - a throwing net (quivered)
Armour
 g - a +1 robe of the Archmagi
 h - a +0 pair of gloves (worn)
 k - a +1 leather armour of cold resistance (worn)
 z - a +1 scale mail of positive energy
 G - a +2 pair of boots (worn)
 P - a +1 hat of intelligence (worn)
Magical Staves
 S - an uncursed staff of poison {unknown}
Jewellery
 j - a ring of poison resistance (left hand)
 E - a ring of protection from cold (right hand)
Wands
 C - a wand of enslavement (8)
 H - a wand of scattershot (4)
 J - a wand of digging (5)
 N - a wand of paralysis (6)
Scrolls
 e - a scroll of holy word
 f - a scroll of blinking
 i - 6 scrolls of remove curse
 l - a scroll of amnesia {unknown}
 o - 5 scrolls of teleportation
 p - a scroll of identify
 v - 4 scrolls of enchant armour
 F - a scroll of immolation {unknown}
 M - a scroll of acquirement {unknown}
 V - 3 scrolls of magic mapping
Potions
 c - 24 potions of blood
 n - a potion of agility
 r - a potion of might
 u - 4 potions of haste
 w - 3 potions of berserk rage
 B - 3 potions of heal wounds
 K - 2 potions of flight
 L - a potion of magic {unknown}
 O - 2 potions of resistance
 Q - 2 potions of ambrosia


   Skills:
 - Level 8.1 Fighting
 - Level 8.3(10.0) Short Blades
 - Level 8.0(9.4) Long Blades
 + Level 10.6 Dodging
 - Level 11.3 Stealth
 + Level 7.0 Spellcasting
 - Level 2.1 Conjurations
 - Level 10.4 Hexes
 - Level 2.2 Charms
 - Level 3.0 Translocations
 - Level 7.0 Ice Magic
 - Level 2.0 Air Magic
 - Level 10.0 Invocations
 - Level 5.2 Evocations


You had 9 spell levels left.
You knew the following spells:

 Your Spells              Type           Power        Failure   Level  Hunger
a - Corona                Hex            ######.      1%          1    None
b - Confuse               Hex            ######..     1%          3    None
c - Tukima's Dance        Hex            ######..     1%          3    None
d - Dazzling Spray        Conj/Hex       #####.       2%          3    None
e - Swiftness             Chrm/Air       ###.....     6%          2    None
f - Apportation           Tloc           ###...       3%          1    None
g - Metabolic Englaciati  Hex/Ice        ######....   8%          5    #####..

Your spell library contained the following spells:

 Spells                   Type           Power        Failure   Level  Hunger
 Confusing Touch          Hex            ######       1%          1    None
 Ensorcelled Hibernation  Hex/Ice        ######       1%          2    None
 Shock                    Conj/Air       ###.         4%          1    None
 Gell's Gravitas          Tloc           ###.......   9%          3    None
 Animate Skeleton         Necr           N/A          10%         1    None
 Summon Small Mammal      Summ           #...         10%         1    None
 Static Discharge         Conj/Air       ###.....     13%         3    None
 Recall                   Summ/Tloc      N/A          16%         3    None
 Yara's Violent Unravell  Hex/Tmut       ####......   32%         5    #####..
 Airstrike                Air            ###.......   41%         4    ###....
 Animate Dead             Necr           N/A          69%         4    ###....
 Petrify                  Tmut/Erth      #.......     69%         4    ###....
 Lightning Bolt           Conj/Air       ###.......   75%         5    #####..
 Borgnjor's Vile Clutch   Necr/Erth      #.........   95%         5    #####..
 Simulacrum               Ice/Necr       ####......   98%         6    ######.
 Death Channel            Necr           #.........   100%        6    ######.


Dungeon Overview and Level Annotations

Branches:
Dungeon (12/15)            Temple (0/1) D:5            Lair (6/6) D:9
  Swamp (0/4) Lair:4        Snake (0/4) Lair:3        Slime (0/5) Lair:5
    Orc (2/2) D:10            Elf (0/3) Orc:2

Altars:
Cheibriados
Fedhas
Kikubaaqudgha
Qazlal
Sif Muna
Trog
Uskayaw

Shops:
D:5 :   D:7 (   D:12 *   Orc:2 :}*?:

Annotations:
D:3 Grinder
D:4 Menkaure
D:5 3 runed translucent doors, Hycrow's ghost, amateur MiFi
D:7 exclusion: steam dragon
Lair:1 Joseph
Lair:2 3 runed translucent doors, Teosket's ghost, journeyman TrMo
Lair:4 exclusion: 2 oklob plants


Innate Abilities, Weirdness & Mutations

You heal slowly.
You have razor-sharp teeth.
You have supernaturally acute eyesight. (SInv)
You can survive without breathing.


Message History

You hit the deep troll.
The deep troll is heavily wounded.
You hit the deep troll but do no damage.
The deep troll looks as sick as possible!
The deep troll is heavily wounded.
You hit the deep troll but do no damage.
The deep troll looks as sick as possible!
The deep troll is heavily wounded.
You hit the deep troll.
The deep troll looks as sick as possible!
The deep troll is heavily wounded.
The deep troll bites you!!
* * * LOW HITPOINT WARNING * * *
The deep troll claws you!
* * * LOW HITPOINT WARNING * * *
The deep troll closely misses you. The deep troll barely misses you.
The deep troll claws you!
* * * LOW HITPOINT WARNING * * *
The deep troll claws you!!
You die...

..#####(.(###
...##..)### ######
#.......##
##.##.###
#........#
#.......##
........##
##.......#
........## ###
###......#
>........###
##.####...#....####
...........#
#T...#....##.......
...#......###
##@###..(##.#......
..####......#
#[)).).#####......
...####.....#
##.)..).##)).....#
........#.###
##)(.[)#.......##
........###
###.......#####
........#
#.......##
#.......#
##.#...####
##......###
####.##..##
.#......#.##
##.....#


You could see a deep troll (confused).

Vanquished Creatures
  Jorgrun (Orc:1)
  Gastronok (Lair:1)
  A merfolk avatar (Lair:6)
  8 hydras
  6 two-headed ogres
  Nergalle (D:12)
  2 unseen horrors
  A deep troll (Orc:2)
  2 orc knights (Orc:1)
  A harpy (Lair:6)
  2 orc sorcerers (Orc:2)
  A deep elf mage (D:12)
  4 manticores
  2 ugly things (D:12)
  2 elephants (Lair:6)
  5 black mambas
  A torpor snail (Lair:5)
  7 spiny frogs
  2 kobold demonologists (D:12)
  6 rime drakes
  5 komodo dragons
  A queen bee (Lair:2)
  8 trolls
  A tyrant leech (Lair:4)
  A wind drake (Lair:6)
  3 polar bears (Lair:6)
  4 hornets
  6 hippogriffs
  13 dream sheep
  4 slime creatures
  5 blink frogs (Lair:6)
  A vampire (D:10)
  31 yaks
  A wyvern (Lair:6)
  2 basilisks
  A hungry ghost (D:12)
  3 wargs
  3 nagas (Lair:3)
  2 swamp worms (Lair:4)
  9 water moccasins
  10 orc warriors
  4 porcupines
  10 ice beasts
  4 sky beasts
  2 phantoms (D:9)
  15 ogres
  6 wolves
  3 centaurs
  16 crocodiles
  2 big kobolds (D:12)
  15 bullfrogs
  A gnoll sergeant (D:8)
  A wyvern skeleton (D:12)
  A scorpion (D:9)
  29 killer bees
  4 wights (D:12)
  3 howler monkeys
  A bullfrog zombie (D:5)
  8 crimson imps
  4 hounds
  2 quasits
  2 jellies
  9 orc priests
  A bullfrog skeleton (D:12)
  An iguana (D:10)
  Terence (D:2)
  19 orc wizards
  5 worker ants
  A hound zombie (D:5)
  A howler monkey zombie (D:6)
  3 gnolls (D:8)
  17 adders
  4 oozes (Lair:5)
  An adder zombie (D:7)
  A worm (D:3)
  2 dart slugs
  3 leopard geckos
  43 orcs
  5 giant cockroaches
  6 goblins
  2 hobgoblins
  3 quokkas
  6 bats
  A frilled lizard (D:2)
  14 kobolds
  2 rats
  A plant (Lair:2)
455 creatures vanquished.

Vanquished Creatures (collateral kills)
  2 two-headed ogres
  A troll (Orc:2)
  7 orc warriors
  6 ogres
  A killer bee (Lair:1)
  A wight (D:12)
  An orc priest (D:6)
  An orc wizard (D:10)
  8 orcs
  2 kobolds (D:12)
30 creatures vanquished.

Vanquished Creatures (others)
  7 dancing weapons
  A killer bee (Lair:2)
  An orc priest (Orc:2)
  A bush (Lair:1)
  25 fungi
  30 plants
65 creatures vanquished.

Grand Total: 550 creatures vanquished

Notes
Turn   | Place    | Note
-------+----------+-------------------------------------------
     0 | D:1      | Matador8 the Vampire Enchanter began the quest for the Orb.
     0 | D:1      | Reached XP level 1. HP: 13/13 MP: 3/3
   443 | D:1      | Reached XP level 2. HP: 19/19 MP: 5/5
  1144 | D:2      | Noticed Terence
  1734 | D:2      | Found a deep blue altar of Sif Muna.
  1943 | D:2      | Reached XP level 3. HP: 23/24 MP: 6/6
  1962 | D:2      | Learned a level 3 spell: Confuse
  2825 | D:3      | Noticed Grinder
  3002 | D:3      | Reached XP level 4. HP: 29/30 MP: 4/7
  3028 | D:3      | Learned a level 3 spell: Tukima's Dance
  3362 | D:2      | Killed Terence
  3362 | D:2      | Reached skill level 5 in Stealth
  3496 | D:4      | Found a hide-covered altar of Uskayaw.
  3504 | D:4      | Became a worshipper of Uskayaw the Reveler
  3560 | D:4      | Reached skill level 5 in Hexes
  3560 | D:4      | Reached XP level 5. HP: 35/35 MP: 8/8
  3560 | D:4      | Reached * piety under Uskayaw
  3930 | D:4      | Noticed Menkaure
  4227 | D:5      | Entered Level 5 of the Dungeon
  4236 | D:5      | Reached ** piety under Uskayaw
  4240 | D:5      | Found a staircase to the Ecumenical Temple.
  4308 | D:5      | Reached skill level 1 in Invocations
  4381 | D:5      | Reached XP level 6. HP: 23/41 MP: 1/10
  4747 | D:5      | Noticed a sky beast
  5043 | D:5      | Found Othetz's Book Boutique.
  5103 | D:5      | Found a runed translucent gate.
  5103 | D:5      | Found a runed translucent gate.
  5103 | D:5      | Found a runed translucent gate.
  5104 | D:5      | Noticed Hycrow's ghost (amateur MiFi)
  5104 | D:5      | Identified the +2 dagger "Giantslayer" {pain, rElec MR+}
  5316 | D:6      | Reached skill level 6 in Stealth
  5660 | D:6      | Reached XP level 7. HP: 46/46 MP: 8/12
  5703 | D:6      | Learned a level 3 spell: Dazzling Spray
  6837 | D:7      | Found a bloodstained altar of Trog.
  6936 | D:7      | Found a stormy altar of Qazlal.
  6942 | D:7      | Reached skill level 1 in Fighting
  6978 | D:7      | Found Yxtiulao's Weapon Shop.
  6997 | D:7      | Bought a +1 long sword of slicing for 158 gold pieces
  7058 | D:7      | Reached skill level 1 in Long Blades
  7058 | D:7      | Reached *** piety under Uskayaw
  7291 | D:7      | Noticed a steam dragon
  7829 | D:8      | Found an ancient bone altar of Kikubaaqudgha.
  7965 | D:8      | Reached XP level 8. HP: 53/56 MP: 14/14
  8877 | D:8      | Reached skill level 1 in Conjurations
  9076 | D:8      | Noticed a two-headed ogre
  9091 | D:8      | Killed a two-headed ogre
  9352 | D:8      | Reached skill level 5 in Long Blades
  9375 | D:8      | Reached XP level 9. HP: 38/64 MP: 1/15
  9805 | D:8      | Found a blossoming altar of Fedhas.
  9805 | D:8      | Found a snail-covered altar of Cheibriados.
 10271 | D:9      | Noticed a troll
 10271 | D:9      | You fall through a shaft!
 10271 | D:10     | Entered Level 10 of the Dungeon
 10407 | D:10     | Paralysed by a hornet for 1 turns
 10833 | D:10     | Reached skill level 5 in Invocations
 10853 | D:10     | Noticed a two-headed ogre
 10869 | D:10     | Killed a two-headed ogre
 11367 | D:10     | Learned a level 2 spell: Swiftness
 11409 | D:10     | Reached XP level 10. HP: 54/70 MP: 14/16
 11432 | D:10     | Reached skill level 1 in Charms
 11543 | D:10     | Reached skill level 1 in Air Magic
 11709 | D:10     | Noticed an unseen horror
 12652 | D:9      | Reached skill level 7 in Stealth
 14220 | D:9      | Reached skill level 8 in Stealth
 14268 | D:9      | Reached skill level 5 in Fighting
 14304 | D:9      | Found a staircase to the Lair.
 14481 | Lair:1   | Entered Level 1 of the Lair of Beasts
 15114 | Lair:1   | Noticed a black mamba
 15690 | D:10     | Reached skill level 5 in Spellcasting
 15830 | Lair:1   | Killed a black mamba
 15964 | Lair:1   | Noticed a spiny frog
 16155 | Lair:1   | Noticed Gastronok
 17121 | Lair:1   | Noticed Joseph
 17178 | Lair:2   | Reached XP level 11. HP: 80/81 MP: 15/18
 17181 | Lair:2   | Noticed a four-headed hydra
 17668 | Lair:1   | Reached skill level 1 in Evocations
 17912 | Lair:2   | Reached **** piety under Uskayaw
 18281 | Lair:1   | Killed Gastronok
 18281 | Lair:1   | Reached skill level 5 in Dodging
 18795 | Lair:1   | Reached ***** piety under Uskayaw
 19481 | Lair:2   | Killed a six-headed hydra
 19569 | Lair:2   | Noticed Teosket's ghost (journeyman TrMo)
 19608 | Lair:2   | Found a runed translucent gate.
 19608 | Lair:2   | Found a runed translucent gate.
 19609 | Lair:2   | Found a runed translucent gate.
 20366 | Lair:2   | Reached skill level 10 in Hexes
 20550 | Lair:2   | Reached XP level 12. HP: 76/92 MP: 4/19
 21232 | Lair:2   | Reached skill level 9 in Stealth
 21268 | Lair:3   | Found a staircase to the Snake Pit.
 21294 | Lair:3   | Reached skill level 5 in Short Blades
 21539 | Lair:3   | Noticed a four-headed hydra
 21800 | Lair:3   | Noticed a seven-headed hydra
 21933 | Lair:3   | Got a fine ring mail
 21998 | Lair:3   | Identified the +0 ring mail "Maolosk" {rCorr MP-9 Str+7}
                  | (You found it on level 3 of the Lair of Beasts)
 22179 | Lair:3   | Killed a four-headed hydra
 22393 | Lair:3   | Killed a seven-headed hydra
 22626 | Lair:3   | Learned a level 1 spell: Apportation
 22632 | Lair:3   | Learned a level 5 spell: Metabolic Englaciation
 23780 | Lair:4   | Reached skill level 5 in Evocations
 23782 | Lair:4   | Reached skill level 10 in Stealth
 23890 | Lair:4   | Noticed a six-headed hydra
 23905 | Lair:4   | Found a staircase to the Swamp.
 23906 | Lair:4   | Killed a six-headed hydra
 23906 | Lair:4   | Reached skill level 1 in Ice Magic
 23933 | Lair:4   | Reached skill level 1 in Translocations
 25586 | Lair:5   | Got a twisted hunting sling
 25590 | Lair:5   | Identified the +3 hunting sling "Impbane" {flame, *Contam
                  | rC+ Str+2 Dex+2} (You found it on level 5 of the Lair of
                  | Beasts)
 25900 | Lair:5   | Found a staircase to the Slime Pits.
 25942 | Lair:5   | Noticed a seven-headed hydra
 26022 | Lair:5   | HP: 3/92 [eight-headed hydra (10)]
 26024 | Lair:5   | Killed an eight-headed hydra
 26759 | Lair:5   | Noticed a four-headed hydra
 26775 | Lair:5   | Killed a four-headed hydra
 27814 | Lair:6   | Entered Level 6 of the Lair of Beasts
 28501 | Lair:6   | Reached XP level 13. HP: 98/98 MP: 20/20
 29573 | Lair:6   | Reached skill level 5 in Ice Magic
 31924 | D:10     | Found a staircase to the Orcish Mines.
 32608 | D:12     | Reached skill level 10 in Invocations
 32683 | D:12     | Noticed Nergalle
 32698 | D:12     | Killed Nergalle
 33010 | D:12     | Reached skill level 11 in Stealth
 33744 | D:12     | Found Pydeqopp's General Store.
 33747 | D:12     | Bought a potion of haste for 130 gold pieces
 33747 | D:12     | Bought 3 scrolls of teleportation for 117 gold pieces
 33747 | D:12     | Bought a potion of heal wounds for 65 gold pieces
 34534 | Orc:1    | Entered Level 1 of the Orcish Mines
 34792 | Orc:1    | Reached XP level 14. HP: 103/105 MP: 9/21
 35022 | Orc:1    | Noticed Jorgrun
 35093 | Orc:1    | Killed Jorgrun
 35489 | Orc:2    | Entered Level 2 of the Orcish Mines
 35595 | Orc:2    | Found Pymakli's Book Boutique.
 36013 | Orc:2    | Found Derchej's Gadget Emporium.
 36162 | Orc:2    | Found Ighepp's Book Emporium.
 36217 | Orc:2    | Found Bapho's General Store.
 36491 | Orc:2    | Found Sicoon Nuli's Magic Scroll Shop.
 36493 | Orc:2    | Found a staircase to the Elven Halls.
 36552 | Orc:2    | Reached skill level 10 in Dodging
 37688 | Orc:1    | Mangled by a deep troll

Skill      XL: |  1  2  3  4  5  6  7  8  9 10 11 12 13 14 |
---------------+-------------------------------------------+-----
Short Blades   | 2 3 4 8 |  8.3
Stealth        | 5 6 8 10 11 | 11.3
Hexes          | 5 6 7 9 10 | 10.4
Spellcasting   | 3 4 5 7 |  7.0
Invocations    | 1 3 4 5 6 7 10 | 10.0
Fighting       | 1 3 6 8 |  8.1
Long Blades    | 2 5 7 8 |  8.0
Conjurations   | 2 |  2.1
Charms         | 2 |  2.2
Air Magic      | 2 |  2.0
Dodging        | 3 7 9 10 | 10.6
Evocations     | 4 5 |  5.2
Ice Magic      | 4 7 |  7.0
Translocations | 3 |  3.0

Action                   |  1- 3 |  4- 6 |  7- 9 | 10-12 | 13-15 || total
-------------------------+-------+-------+-------+-------+-------++-------
Melee: Dagger            |   109 |   115 |   153 |   499 |   802 ||  1678
       Bite              |     8 |    13 |    28 |   109 |    79 ||   237
       Long sword        |       |       |   142 |   414 |       ||   556
 Cast: Corona            |    23 |     7 |    18 |    19 |    32 ||    99
       Confuse           |     4 |    15 |    32 |   114 |   136 ||   301
       Tukima's Dance    |       |     1 |    10 |    10 |    55 ||    76
       Dazzling Spray    |       |       |     4 |    30 |    40 ||    74
       Metabolic Englaci |       |       |       |       |     1 ||     1
Invok: Stomp             |       |       |     7 |     1 |       ||     8
       Line Pass         |       |       |     1 |    17 |     7 ||    25
 Abil: End Transformatio |     1 |       |       |     7 |     1 ||     9
       Bat Form          |     1 |       |       |     7 |     1 ||     9
Evoke: Wand              |       |       |     1 |    28 |    22 ||    51
       Phantom mirror    |       |       |       |       |     1 ||     1
  Use: Potion            |     4 |     9 |    16 |    41 |    27 ||    97
       Scroll            |       |     1 |     9 |    13 |     5 ||    28
 Stab: Sleeping          |    12 |     8 |    11 |    18 |    14 ||    63
       Confused          |     1 |     9 |    22 |    86 |    94 ||   212
       Distracted        |       |       |     1 |       |     6 ||     7
       Paralysed         |       |       |     2 |    19 |    12 ||    33
       Invisible         |       |       |     1 |     3 |    10 ||    14
Armor: Robe              |    19 |     1 |       |       |     1 ||    21
       Leather armour    |       |     9 |    88 |   196 |    85 ||   378
Dodge: Dodged            |    59 |    63 |   173 |   573 |   461 ||  1329
       Rpst.: Long sword |       |       |    29 |    66 |       ||    95
